 Dungeon Crawl Stone Soup version 0.26-a0-652-gafc20e3620 (webtiles) character file.

Game seed: 2626371704225294887

8 Gargoyl the Skirmisher (level 2, 29/29 HPs)
             Began as a Gnoll Abyssal Knight on Oct 4, 2020.
             Was an Initiate of Lugonu.
             Quit the game on level 1 of the Dungeon.
             The game lasted 00:00:29 (227 turns).

Gargoyl the Skirmisher (Gnoll Abyssal Knight)        Turns: 227, Time: 00:00:30

Health: 29/29      AC:  9    Str: 11 (14) XL:     2   Next: 8%
Magic:  5/5        EV:  5    Int: 13 (14) God:    Lugonu [......]
Gold:   62         SH:  0    Dex: 10 (14) Spells: 1/1 levels left

rFire    . . .     SeeInvis .   a - +1 hand axe
rCold    . . .     Faith    .   (no shield)
rNeg     . . .     Spirit   .   c - +0 chain mail
rPois    .         Reflect  .   (no helmet)
rElec    .         Harm     .   (no cloak)
rCorr    .         Rampage  .   (no gloves)
MR       .....                  (no boots)
Stlth    ..........             (no amulet)
HPRegen  0.09/turn              (no ring)
MPRegen  0.09/turn              (no ring)

@: no status effects
A: distributed training, fangs 1, strong nose
a: Renounce Religion


You were on level 1 of the Dungeon.
You worshipped Lugonu.
Lugonu was noncommittal.
You visited 1 branch of the dungeon, and saw 1 of its levels.
You visited the Abyss 1 time.

You collected 62 gold pieces.

Inventory:

Hand Weapons
 a - a +1 hand axe (weapon)
Armour
 b - a +0 leather armour
 c - a +0 chain mail (worn)


   Skills:
 + Level 6.4 Fighting
 + Level 0.2 Short Blades
 + Level 0.2 Long Blades
 + Level 4.4 Axes
 + Level 0.2 Maces & Flails
 + Level 0.2 Polearms
 + Level 0.2 Staves
 + Level 0.2 Slings
 + Level 0.2 Bows
 + Level 0.2 Crossbows
 + Level 0.2 Throwing
 + Level 4.4 Armour
 + Level 2.4 Dodging
 + Level 0.2 Stealth
 + Level 0.2 Shields
 + Level 0.2 Unarmed Combat
 + Level 0.2 Spellcasting
 + Level 0.1 Conjurations
 + Level 0.1 Hexes
 + Level 0.1 Summonings
 + Level 0.1 Necromancy
 + Level 0.1 Translocations
 + Level 0.1 Transmutations
 + Level 0.1 Fire Magic
 + Level 0.1 Ice Magic
 + Level 0.1 Air Magic
 + Level 0.1 Earth Magic
 + Level 0.1 Poison Magic
 + Level 4.4 Invocations
 + Level 0.2 Evocations


You had one spell level left.
You didn't know any spells.
Your spell library was empty.

Dungeon Overview and Level Annotations

Branches:
Dungeon (1/15)

Altars:


Innate Abilities, Weirdness & Mutations

Your experience applies equally to all skills.
You have very sharp teeth.
Your uncanny sense of smell can sniff out nearby items.


Message History

The quasit barely misses you. x2
The quasit claws you but does no damage.
Unknown command.
You pass through the gate.
You can no longer depart the Abyss at will.
Found 11 gold pieces.
There is a staircase leading out of the dungeon here.
Magic restored.
HP restored.
A goblin comes into view.
The goblin shouts!
You see here 11 gold pieces.
You now have 62 gold pieces (gained 11).
The goblin hits you.
You hit the goblin.
You kill the goblin!
Lugonu accepts your kill.
You hit the bush but do no damage.
You see here a goblin corpse.
Are you sure you want to abandon this character and quit the game? (Confirm with "yes".)

... .. .. ##.
..
###########.#
###P#P#P#P#P#.#
#.........†.@.#
#<..PP........#
#.............#
###P#P#P#P#P###
###########


There were no monsters in sight!

Vanquished Creatures
  A white imp (Abyss:2)
  A goblin (D:1)
2 creatures vanquished.

Notes
Turn   | Place    | Note
-------+----------+-------------------------------------------
     0 | Abyss:1  | Gargoyl the Gnoll Abyssal Knight began the quest for the
                  | Orb.
     0 | Abyss:1  | Reached XP level 1. HP: 23/23 MP: 3/3
    78 | Abyss:2  | Noticed a quasit
    85 | Abyss:2  | Reached XP level 2. HP: 21/29 MP: 5/5
    87 | Abyss:2  | Noticed a small abomination
    92 | D:1      | Escaped the Abyss
   227 | D:1      | Quit the game

Illustrated notes

Levels and vault maps discovered:
D:1:      minmay_arrival_plants_in_alcoves, layout_basic

Action                   || total
-------------------------++-------
Melee: Hand axe          ||    14
       Bite              ||     3
Invok: Depart the Abyss  ||     1
  Use: Scroll            ||     1
       Potion            ||     1
Armor: Chain mail        ||    26
Dodge: Dodged            ||    13

Table legend: (Time is in decaauts)
 A = Elapsed time spent in this place.
 B = Non-inter-level travel time spent in this place.
 C = Inter-level travel time spent in this place.
 D = Time resting spent in this place.
 E = Time spent auto-exploring this place.
 F = Levels seen in this place.
 G = Mean time per level.
                   A        B        C        D        E       F      G
               +--------+--------+--------+--------+--------+-----+--------+
         Total |    228 |    228 |      0 |      0 |    166 |   3 |   76.0 |
       Dungeon |    134 |    134 |      0 |      0 |    125 |   1 |  134.0 |
         Abyss |     93 |     93 |      0 |      0 |     41 |   2 |   46.5 |
               +--------+--------+--------+--------+--------+-----+--------+

Top non-repeatable levels by time:
     D:1: 134 daAuts
 Abyss:2: 61 daAuts
 Abyss:1: 32 daAuts
